[Event "Grand Prix Romania 1st Stage 2024"]
[Site "Bucuresti"]
[Date "2024.03.24"]
[Round "5.6"]
[White "Chigaev, Maksim"]
[Black "Rozen, Eytan"]
[Result "1/2-1/2"]
[ECO "B12"]
[WhiteElo "2617"]
[BlackElo "2487"]
[Annotator "TA"]
[PlyCount "89"]
[EventDate "2024.03.20"]
[EventType "swiss"]
[EventCountry "ROU"]
[SourceTitle "playchess.com"]
[Source "ChessBase"]
[SourceQuality "1"]
[TimeControl "900+5"]

1. e4 c6 2. d4 d5 3. e5 c5 4. Nf3 Nc6 5. c4 cxd4 6. Nxd4 e6 7. Nc3 Bc5 8. Nxc6 bxc6 9. cxd5 cxd5 10. Bd3 Ne7 11. Na4 Bb4+ 12. Bd2 Qa5 {[%emt 0:01:15] [#] Hoping for ...Bxd2+.} 13. Nc3 Ba6 14. Bxa6 Qxa6 15. Qa4+ Qxa4 16. Nxa4 Rb8 17. g3 Nc6 18. f4 Ke7 19. Ke2 Nd4+ 20. Kd3 Bxd2 21. Kxd2 Rhc8 22. Rac1 {[%emt 0:00:11] Against Rc2+} h5 23. Kd3 Nc6 24. a3 {[%emt 0:01:16] Wards off Nb4+} f6 25. exf6+ gxf6 26. Rc5 Kd6 (26... Rb3+ $15 27. Kd2 Kd6) 27. Rhc1 a5 28. R5c2 e5 29. fxe5+ fxe5 30. Nc5 (30. Ke3 $15) 30... Rb5 ({Don't play} 30... Nd4 $6 31. Nb7+ Rxb7 32. Rxc8 $11) 31. Ke3 {[%emt 0:00:09] [#]} Rcb8 (31... Nd4 32. Ne4+ Kd7 33. Nf6+ (33. Rxc8 Nf5+ 34. Kd2 dxe4 $18) 33... Ke6 34. Rxc8 $18) ({Black should try} 31... e4 $1 $17 32. Kd2 Rc7) 32. Ne4+ $1 $11 {[%emt 0:00:15] The position is equal.} dxe4 33. Rxc6+ {[%emt 0:00:02][%mdl 4096] Endgame. KRR-KRR} Kd5 34. b4 axb4 35. axb4 R8b7 36. R1c3 Rb8 37. Rc7 Rxb4 38. R3c5+ Ke6 39. R5c6+ Kd5 40. Rc5+ Ke6 41. h3 Rb3+ 42. Kxe4 R8b4+ 43. Rc4 Rxc4+ 44. Rxc4 Rxg3 45. Rc6+ {[%emt 0:00:02] Weighted Error Value: White=0.12 (very precise) /Black=0.07 (flawless) .  Mistake:       	White=1     	Black=2      Inaccurate:     	White=4     	Black=2      OK:         	White=15    	Black=15     Best:        	White=1     	Black=4      Strong:       	White=1     	---} 1/2-1/2

[Event "Grand Prix Romania 1st Stage 2024"]
[Site "Bucuresti"]
[Date "2024.03.24"]
[Round "5.7"]
[White "Manolache, Marius"]
[Black "Bologan, Victor"]
[Result "0-1"]
[ECO "B08"]
[WhiteElo "2387"]
[BlackElo "2594"]
[Annotator "TA"]
[PlyCount "66"]
[EventDate "2024.03.20"]
[EventType "swiss"]
[EventCountry "ROU"]
[SourceTitle "playchess.com"]
[Source "ChessBase"]
[SourceQuality "1"]
[TimeControl "900+5"]

1. d4 d6 2. Nf3 Nf6 3. Nc3 Nbd7 4. e4 e5 5. Be2 g6 6. O-O Bg7 7. dxe5 dxe5 8. b3 O-O 9. Ba3 {[%emt 0:01:03] Pariert Nc5.} Re8 10. Nd2 (10. Qd3 $142) 10... a6 11. Nc4 {[%emt 0:03:09] Die Stellung ist ausgeglichen.} b5 12. Ne3 Bb7 13. Bf3 c6 14. Bd6 Qb6 15. a4 Rad8 {[%emt 0:00:18] Und jetzt ...Nb8 wäre schön.} 16. a5 Qa7 {[%emt 0:00:24] [#] ...Nf8 ist eine echte Drohung.} (16... Qd4 {sieht schärfer aus.} 17. Na2 Nxe4 18. Bxe4 Nf6) 17. Bc7 Rc8 18. Bd6 c5 19. Qe2 $2 {[%emt 0:01:25][%mdl 8192] Davon erholt Weiß sich nicht mehr.} (19. Ncd5 $15 Bxd5 20. exd5 (20. Nxd5 $2 {verliert.} Nxd5 21. exd5 Nf6 $19)) 19... Rc6 $19 20. Rad1 Re6 21. Nf5 $2 (21. Bxc5 Rxc5 22. Qe1) 21... gxf5 {[%emt 0:00:12] Schwarz steht klar auf Gewinn.} 22. exf5 Rexd6 23. Bxc6 Rxd1 24. Rxd1 Bxc6 25. g4 Qb7 26. Rd3 e4 27. Rg3 Ne5 28. g5 Nf3+ 29. Kh1 {[%emt 0:00:02] [#]} e3 $1 30. Qxe3 Nd4+ 31. Kg1 Nxf5 32. Qf4 Nxg3 33. gxf6 Nh5 {[%emt 0:00:09][%csl LRf4,LRf6] Gewichteter Fehlerwert: Weiß=0.96/Schwarz=0.15 (sehr präzise) .  Verlustzug:     	Weiß=1     	---        Fehler:       	Weiß=2     	---        Ungenau:       	Weiß=4     	Schwarz=2     OK:         	Weiß=5     	Schwarz=9     Bester:       	---       	Schwarz=3} 0-1

[Event "Grand Prix Romania 1st Stage 2024"]
[Site "Bucuresti"]
[Date "2024.03.24"]
[Round "5.8"]
[White "Kozak, Adam"]
[Black "Banzea, Alexandru-Bogdan"]
[Result "1-0"]
[ECO "A49"]
[WhiteElo "2607"]
[BlackElo "2394"]
[Annotator "RC"]
[PlyCount "71"]
[EventDate "2024.03.20"]
[EventType "swiss"]
[EventCountry "ROU"]
[SourceTitle "playchess.com"]
[Source "ChessBase"]
[SourceQuality "1"]
[TimeControl "900+5"]

1. Nf3 Nf6 2. g3 g6 3. b3 Bg7 4. Bb2 d6 5. d4 O-O 6. Bg2 Nbd7 7. O-O c6 8. Nbd2 Re8 9. e4 e5 10. dxe5 dxe5 11. Qe2 b5 12. a4 a5 13. Rfd1 Qb6 14. h3 Bf8 15. Ne1 Ba6 16. Qf3 Rad8 17. Nd3 Kg7 18. Bc3 b4 19. Bb2 Qc7 20. Qe3 c5 21. c4 bxc3 22. Bxc3 c4 23. Nxc4 Bxc4 24. bxc4 Qxc4 25. Bxa5 Ra8 26. Nb2 Qc2 27. Qd2 Qxd2 28. Bxd2 Nc5 29. Be3 Reb8 30. Nc4 Rxa4 31. Rxa4 Nxa4 32. Nxe5 Nc3 33. Re1 Ncxe4 34. Bd4 Rd8 35. Nc6 Re8 36. Rxe4 1-0

[Event "Grand Prix Romania 1st Stage 2024"]
[Site "Bucuresti"]
[Date "2024.03.24"]
[Round "5.9"]
[White "Secheres, Adrian-Simion"]
[Black "Gavrilescu, David"]
[Result "1-0"]
[ECO "D38"]
[WhiteElo "2371"]
[BlackElo "2524"]
[Annotator "TA"]
[PlyCount "65"]
[EventDate "2024.03.20"]
[EventType "swiss"]
[EventCountry "ROU"]
[SourceTitle "playchess.com"]
[Source "ChessBase"]
[SourceQuality "1"]
[TimeControl "900+5"]

1. d4 Nf6 2. c4 e6 3. Nf3 d5 4. Nc3 Bb4 5. a3 Bxc3+ 6. bxc3 c5 7. a4 Qa5 8. e3 O-O 9. Qc2 {[%emt 0:00:52] The position is equal.} Nc6 10. dxc5 dxc4 (10... Qxc5 $2 {loses.} 11. Ba3 Qb6 12. cxd5 exd5 13. Bxf8 Kxf8 14. Bd3 $18) 11. Bxc4 Qxc5 12. Be2 Rd8 13. Ba3 {[%emt 0:00:11] Prevents Nb4} Qa5 14. O-O e5 15. Rab1 Qc7 16. Qb2 Bg4 (16... Na5 $11) 17. h3 (17. Qxb7 $16 Qxb7 18. Rxb7) 17... Bxf3 $14 18. Bxf3 {[%emt 0:00:37] A strong pair of Bishops.} e4 19. Be2 (19. Qxb7 $2 {perishes.} Qxb7 20. Rxb7 exf3 21. gxf3 Nd5 $19) 19... b6 20. Rfd1 h6 21. Bb5 Rac8 22. Qe2 Ne5 23. Bb2 Ne8 24. Rd4 Nd6 25. Ba6 Rb8 26. Rbd1 Nc6 $1 27. Rd5 {[%emt 0:00:08] aiming for Qg4.} Ne7 {[%emt 0:00:07] [#]} (27... Ne8 $1 $14) 28. R5d2 $1 $16 {[%emt 0:00:07] Qg4 is the strong threat. White is more active.} Nb7 29. Ba3 {[%emt 0:01:05] Threatens to win with Rxd8+.} Rxd2 30. Rxd2 Nc5 31. Bb5 Rd8 32. Rd4 Rxd4 $2 {[%emt 0:00:48] [#]} (32... Nf5 $14) 33. exd4 {[%emt 0:00:08] Weighted Error Value: White=0.13 (very precise) /Black=0.25 (precise) .  Loses game:     	---       	Black=1      Mistake:       	White=1     	Black=2      Inaccurate:     	White=5     	Black=5      OK:         	White=9     	Black=12     Best:        	White=1     	Black=1      Strong:       	White=1     	Black=1} 1-0

[Event "Grand Prix Romania 1st Stage 2024"]
[Site "Bucuresti"]
[Date "2024.03.24"]
[Round "5.10"]
[White "Ghimpu, Samuel-Timotei"]
[Black "Istratescu, Andrei"]
[Result "0-1"]
[ECO "A37"]
[WhiteElo "2467"]
[BlackElo "2374"]
[Annotator "TA"]
[PlyCount "40"]
[EventDate "2024.03.20"]
[EventType "swiss"]
[EventCountry "ROU"]
[SourceTitle "playchess.com"]
[Source "ChessBase"]
[SourceQuality "1"]
[TimeControl "900+5"]

1. c4 c5 2. g3 Nc6 3. Bg2 g6 4. Nc3 Bg7 5. a3 e6 6. Nf3 Nge7 7. h4 h6 {[%emt 0:00:36] [#]} 8. d4 Nxd4 $15 ({Bitte nicht} 8... Bxd4 $6 9. Nxd4 cxd4 10. Nb5 $16) 9. Nxd4 {[%emt 0:00:06] Schwarz steht etwas besser.} cxd4 10. Nb5 d5 11. Nxd4 O-O (11... dxc4 $17 12. Qa4+ Bd7 13. Qxc4 Rc8) 12. cxd5 $11 Nxd5 13. O-O Qb6 14. e4 Ne7 15. Nb3 Rd8 16. Qc2 Qc6 17. Qe2 b6 {[%emt 0:00:10] ...Qa4 wäre nun fies.} 18. Be3 (18. e5 $11 Nd5 19. Nd4) 18... Qa4 $17 19. Qc2 $2 (19. Nd2 $17) 19... Ba6 $19 20. Rfd1 {[%emt 0:00:09] [#]} Rdc8 $1 {[%emt 0:00:07] Gewichteter Fehlerwert: Weiß=0.38/Schwarz=0.14 (sehr präzise) .  Verlustzug:     	Weiß=1     	---        Fehler:       	Weiß=2     	Schwarz=1     OK:         	Weiß=4     	Schwarz=4     Bester:       	Weiß=2     	Schwarz=3     Stark:        	---       	Schwarz=1} 0-1

[Event "Grand Prix Romania 1st Stage 2024"]
[Site "Bucuresti"]
[Date "2024.03.24"]
[Round "5.11"]
[White "Motylev, Alexander"]
[Black "Magold, Filip"]
[Result "1-0"]
[ECO "B23"]
[WhiteElo "2611"]
[BlackElo "2403"]
[Annotator "TA"]
[PlyCount "85"]
[EventDate "2024.03.20"]
[EventType "swiss"]
[EventCountry "ROU"]
[SourceTitle "playchess.com"]
[Source "ChessBase"]
[SourceQuality "1"]
[TimeControl "900+5"]

1. e4 c5 2. Nc3 d6 3. Nge2 Nf6 4. h3 Nc6 5. g4 d5 6. exd5 Nxd5 7. Bg2 Nxc3 8. Nxc3 {[%emt 0:00:02] The position is equal.} g6 9. Bxc6+ bxc6 10. Qf3 Bg7 11. b3 O-O 12. Bb2 Be6 13. Qe2 c4 14. O-O-O ({White should try} 14. Na4 $11) 14... cxb3 15. axb3 a5 (15... Rb8 $17 {...c5 is the strong threat.} 16. f4 c5) 16. d4 Qc7 (16... Bxd4 17. Na4 Bxb2+ 18. Kxb2 $11) (16... a4 $1 $15 17. Nxa4 Rxa4 18. bxa4 Qa5) 17. Rhe1 Rfd8 (17... Qf4+ $11 18. Qe3 Qxe3+ 19. fxe3 Bh6) 18. Na4 Ra7 19. Qe3 Bc8 20. Ba3 e6 ({Black should play} 20... Bf8 $14) 21. Bc5 $16 {[%emt 0:00:08] White is more active.} Rb7 {[%emt 0:00:01] Prevents Bb6.} 22. f4 Rb8 23. h4 e5 {[%emt 0:00:49] [#]} 24. f5 (24. dxe5 Bxg4 25. Bd6 Qb7 $14) 24... gxf5 $2 {[%emt 0:00:28][%mdl 8192] Loses the game.} (24... h5 $16) 25. dxe5 $18 Re8 {[%emt 0:00:27] Black is weak on the dark squares} (25... fxg4 26. Bd6 Rxd6 27. exd6 $18) 26. Bd6 Qb7 (26... f4 $142) 27. gxf5 Bxf5 28. Rg1 {[%emt 0:00:30] Inhibits Bg6.} Bg6 29. Nc5 Qb4 30. Nd7 Qxh4 {[%emt 0:00:02] [#]} 31. Rh1 $1 (31. Nxb8 $2 Bh6 $19) 31... Qg4 (31... Qe4 $142 32. Qxe4 Bxe4 33. Bxb8 (33. Nxb8 Bxh1 34. Rxh1 Bxe5 $18) 33... Bxh1 34. Rxh1 Re6) 32. Nxb8 Qc8 33. Qf3 a4 34. bxa4 Qe6 35. Qb3 ({Not} 35. Qxc6 Rxb8 36. Qd5 Qf5 $14) 35... Qc8 36. Rd4 c5 37. Rc4 Rxe5 38. Bxe5 Bxe5 {[%emt 0:00:01] [#]} 39. Re1 $1 Bxb8 40. Qb5 {[%emt 0:00:07] White threatens Re8+ and mate.} Kg7 41. Qb2+ Kh6 42. Qf6 Qh3 43. Rh4+ {[%emt 0:00:04] Weighted Error Value: White=0.29 (precise) /Black=0.54.  Loses game:     	---       	Black=1      Mistake:       	White=1     	Black=6      Inaccurate:     	White=2     	Black=1      OK:         	White=11    	Black=6      Best:        	White=2     	Black=1} (43. Ree4 $142 Bg3 44. Rh4+ (44. Rxc5 $2 {too greedy.} Qh1+ 45. Kb2 Qxe4 $19) 44... Bxh4 45. Rxh4+ Qxh4 46. Qxh4+ Kg7 47. a5 f6 48. a6) 1-0

[Event "Grand Prix Romania 1st Stage 2024"]
[Site "Bucuresti"]
[Date "2024.03.24"]
[Round "5.12"]
[White "Mamedov, Rauf"]
[Black "Filev, Georgi"]
[Result "1-0"]
[ECO "A14"]
[WhiteElo "2651"]
[BlackElo "2210"]
[Annotator "TA"]
[PlyCount "89"]
[EventDate "2024.03.20"]
[EventType "swiss"]
[EventCountry "ROU"]
[SourceTitle "playchess.com"]
[Source "ChessBase"]
[SourceQuality "1"]
[TimeControl "900+5"]

1. Nf3 Nf6 2. g3 e6 3. Bg2 d5 4. c4 Be7 5. b3 d4 6. O-O O-O 7. e3 Nc6 8. Bb2 e5 9. exd4 exd4 10. a3 a5 {[%emt 0:00:16] The position is equal.} 11. d3 Bc5 12. Nbd2 Bf5 13. Qc2 h6 14. Rfe1 Qd6 15. Nh4 Bh7 16. Ne4 Nxe4 17. Bxe4 Bxe4 18. Rxe4 Rae8 19. Rae1 Rxe4 20. Rxe4 Bxa3 21. Nf5 $1 Qc5 22. Bxa3 Qxa3 23. Qd2 {[%emt 0:00:12] aiming for Rg4.} Qc5 $1 {[%emt 0:00:41] [#]} (23... Qxb3 24. Rg4 Kh8 25. Rxg7) 24. Nxh6+ gxh6 25. Qxh6 $40 {[%emt 0:00:01][%mdl 128] Black needs to defend precisely.} Qf5 {[%emt 0:00:19] Dodges Rg4+. Strongly threatening ...Ne5.} 26. Rh4 f6 $1 {[%emt 0:00:00][%cal Oc6e5] ...Ne5! is the strong threat.} (26... Qxd3 27. Qh8#) 27. Qh8+ $1 Kf7 28. Rh7+ Ke8 $1 29. Qg7 Qe6 {[%emt 0:00:16] Threatens to win with ...Rf7.} (29... Qxd3 30. Qd7#) 30. Qxc7 Qe1+ (30... Rf7 $11 {keeps the balance.} 31. Rh8+ Rf8) 31. Kg2 $16 Qe6 {[%emt 0:00:03] Prevents Qd7+.} 32. Qxb7 Ne7 $2 (32... Nd8 {is a better defense.} 33. Qa7 Rf7 34. Rh8+ Rf8) 33. Qa8+ $18 Qc8 34. Qxa5 Qb7+ 35. Kg1 Rf7 36. Qh5 Ng8 37. Qg6 ({But not} 37. Rh8 Kf8 38. Qg6 (38. Qh6+ Rg7 $18) 38... Rg7 39. Qxf6+ Ke8) 37... Kf8 38. Rh8 Rg7 39. Qxf6+ Ke8 (39... Qf7 $142 40. Qxd4 Qe6) 40. Qxd4 Kf7 41. Rh5 {[%emt 0:00:50] And now Rf5+ would win.} Qxb3 {[%emt 0:00:06] ...Qd1+ would now be deadly.} 42. Rf5+ {[%emt 0:00:08] White mates.} Kg6 {[%emt 0:00:03] [#]} 43. Rg5+ $3 Kxg5 44. Qxg7+ Kh5 45. Qxg8 {[%emt 0:00:02] Weighted Error Value: White=0.11 (very precise) /Black=0.47.  Missed win:     	White=1     	---        Mistake:       	---       	Black=3      Inaccurate:     	White=1     	Black=1      OK:         	White=18    	Black=15     Best:        	White=2     	Black=1      Strong:       	White=1     	Black=3} 1-0

[Event "Grand Prix Romania 1st Stage 2024"]
[Site "Bucuresti"]
[Date "2024.03.24"]
[Round "5.13"]
[White "Lupulescu, Constantin"]
[Black "Antonica, Dragos-Andrei"]
[Result "1-0"]
[ECO "C02"]
[WhiteElo "2579"]
[BlackElo "2366"]
[Annotator "TA"]
[PlyCount "79"]
[EventDate "2024.03.20"]
[EventType "swiss"]
[EventCountry "ROU"]
[SourceTitle "playchess.com"]
[Source "ChessBase"]
[SourceQuality "1"]
[TimeControl "900+5"]

1. e4 e6 2. d4 d5 3. e5 c5 4. c3 Nc6 5. Nf3 Qb6 6. Be2 f6 7. O-O fxe5 $1 8. Nxe5 Nf6 9. Bh5+ g6 {[%emt 0:00:40] The position is equal.} 10. Bf3 Nxe5 11. dxe5 Nd7 12. c4 $1 Bg7 13. cxd5 Nxe5 14. Nc3 O-O 15. Be4 Bd7 16. Qc2 Rae8 17. Bg5 Nf7 18. Bf4 exd5 19. Bxd5 Be6 20. Rae1 {[%emt 0:00:52] [#] Threatens to win with Bxe6.} Bxd5 21. Nxd5 Qxb2 22. Ne7+ $1 Kh8 23. Qxc5 Qd4 24. Qxd4 Bxd4 25. Re4 Bf6 26. Rfe1 {[%emt 0:00:01][%cal Oe7g6] Nxg6+! would now be deadly.} Rd8 $1 27. g3 Rd7 28. h4 $40 {[%emt 0:00:02][%cal Bh2h4,Bh4h5,Bh5h6][%mdl 160] Repels Ng5. Black needs to defend precisely.} Rfd8 29. Kg2 Kg7 {[%emt 0:00:05] And now ...Kf8 would win.} 30. Re6 Rd4 ({But not} 30... Re8 $2 31. Nf5+ gxf5 32. Rxe8 $18) 31. h5 Bxe7 (31... Rd1 $11) 32. Rxe7 $16 R4d7 33. h6+ Kf8 34. R7e6 {[%emt 0:00:07] White is much more active.} b6 35. Bc1 Rd3 {[%emt 0:00:06] [#] Against Ba3+} (35... Nd6 $16 {keeps fighting.} 36. Bd2 Nb5) 36. Re7 $2 (36. a4 $1 $18) 36... g5 $2 {[%emt 0:00:03][%mdl 8192] Loses the game.} (36... Rd1 $11) 37. Rxa7 $18 {[%emt 0:00:07] White is clearly winning.} R8d5 38. Ba3+ Rxa3 39. Rxa3 Nxh6 40. Ra7 {[%emt 0:00:02] Weighted Error Value: White=0.13 (very precise) /Black=0.14 (very precise) .  Loses game:     	---       	Black=1      Missed win:     	White=1     	---        Mistake:       	---       	Black=2      Inaccurate:     	---       	Black=1      OK:         	White=14    	Black=12     Best:        	White=1     	Black=4      Strong:       	White=2     	Black=1} 1-0

[Event "Grand Prix Romania 1st Stage 2024"]
[Site "Bucuresti"]
[Date "2024.03.24"]
[Round "5.14"]
[White "Costachi, Mihnea"]
[Black "Nedelcu, Teodor-Cosmin"]
[Result "1-0"]
[ECO "D36"]
[WhiteElo "2470"]
[BlackElo "2306"]
[Annotator "TA"]
[PlyCount "67"]
[EventDate "2024.03.20"]
[EventType "swiss"]
[EventCountry "ROU"]
[SourceTitle "playchess.com"]
[Source "ChessBase"]
[SourceQuality "1"]
[TimeControl "900+5"]

1. d4 d5 2. c4 e6 3. Nc3 Nf6 4. cxd5 exd5 5. Bg5 c6 6. Qc2 Be7 7. e3 O-O 8. Bd3 h6 9. Bf4 Nbd7 10. h3 Re8 11. Nf3 Nf8 12. O-O Bd6 13. Ne5 Qc7 14. Bh2 N6d7 15. f4 f6 {[%emt 0:00:07] White is slightly better.} 16. Ng4 (16. Qf2 $5) 16... h5 (16... Nb6 $1 $11) 17. Bg6 $16 (17. Nh6+ $2 gxh6 18. Rf3 (18. e4 dxe4 19. Nxe4 Rxe4 $17) 18... f5 19. Bxf5 Nf6 $19) 17... Re7 (17... Nxg6 $2 18. Qxg6 hxg4 19. Qxe8+ Nf8 20. hxg4 $18) 18. Bxh5 Nb6 19. Rae1 $36 {[%emt 0:01:33][%mdl 2048] Black is under strong pressure.} Nc4 {[%emt 0:00:02] [#] aiming for ...Bxg4.} 20. e4 {[%emt 0:00:21][%cal Be3e4,Be4f5][%mdl 32] e5 is the strong threat.} f5 $2 21. exf5 $18 Rxe1 22. Rxe1 Bxf4 23. Qf2 Bxh2+ 24. Nxh2 {[%emt 0:00:01] Threatens to win with Re8.} Qd8 25. Qf4 {[%emt 0:00:45] Against Nd6. Strongly threatening Ng4.} Bd7 $2 (25... Nd6 {was called for.} 26. g4 Qf6) 26. Ng4 Nh7 27. b3 Nb6 28. Bg6 Nf8 29. Qd6 $2 (29. Re3 $18 {has better winning chances.} Qh4 30. Bf7+ Kh8 31. Ne2 (31. Rg3 Be8 $18)) 29... Qg5 $16 {[%emt 0:01:50] Prevents Nh6+} 30. Qe7 {[%emt 0:00:54] Repels Rd8. White is much more active.} (30. Ne5 $142 {Hoping for Bf7+.} Nxg6 31. Qxg6 (31. Nxd7 $2 {too greedy.} Nf4 $19) (31. fxg6 Bxh3 32. Re2 Qc1+ 33. Kh2 Bf5 $11) 31... Qxf5 32. Qg3) 30... Qd2 $2 {[%emt 0:00:41][%mdl 8192] [#]} (30... Qxe7 $16 31. Rxe7 Nc8) 31. Bf7+ Kh8 32. Qh4+ Nh7 33. Bg6 Qxd4+ 34. Kh1 {[%emt 0:00:08] Weighted Error Value: White=0.39/Black=0.79.  Loses game:     	---       	Black=2      Mistake:       	---       	Black=2      OK:         	White=6     	Black=8      Best:        	White=2     	---} 1-0

[Event "Grand Prix Romania 1st Stage 2024"]
[Site "Bucuresti"]
[Date "2024.03.24"]
[Round "5.15"]
[White "Serban, Cristian-Stefan"]
[Black "Bulmaga, Irina"]
[Result "0-1"]
[ECO "E97"]
[WhiteElo "2309"]
[BlackElo "2429"]
[Annotator "TA"]
[PlyCount "146"]
[EventDate "2024.03.20"]
[EventType "swiss"]
[EventCountry "ROU"]
[SourceTitle "playchess.com"]
[Source "ChessBase"]
[SourceQuality "1"]
[TimeControl "900+5"]

1. d4 Nf6 2. c4 g6 3. Nc3 Bg7 4. e4 d6 5. Nf3 O-O 6. Be2 e5 7. O-O Nc6 8. d5 Ne7 9. b4 Nh5 10. Re1 a5 11. bxa5 Rxa5 12. Nd2 Nf4 13. Bf1 c5 14. dxc6 bxc6 15. Nb3 Ra8 16. a4 c5 {[%emt 0:00:15] E97: Königsindisch (Klassisches System).} 17. Nb5 Ra6 18. Bxf4 exf4 19. Ra2 Be5 20. a5 $146 ({Predecessor:} 20. Rd2 Qb6 21. a5 Qb8 22. g3 h5 23. Qc1 h4 24. Rd3 g5 25. gxh4 g4 26. h3 {0-1 Moskalenko,V (2480)-Atalik,S (2535) Chalkida op 1st 1996}) 20... Nc6 21. Rd2 Qe7 22. Ra2 Be6 23. Qd2 h5 24. Rd1 Nb4 25. Ra3 Rfa8 26. Be2 (26. Nc3 $17) 26... Kg7 (26... f3 $1 $19 27. Bxf3 Bxc4) 27. Nc3 (27. N5d4 $17 {ist eine bessere Verteidigung.}) 27... f3 $19 28. Bxf3 Bxc4 29. Be2 Bxb3 30. Rxb3 Rxa5 31. Nd5 ({Günstiger ist} 31. Bc4) 31... Nxd5 32. Qxd5 Ra1 33. Rbb1 Qf6 34. Rxa1 Rxa1 35. Rxa1 Bxa1 36. f3 $2 (36. Qb3 $17) 36... Bd4+ $19 37. Kh1 Qf4 38. Qb3 {[%emt 0:00:01] [#]} h4 $1 39. Qd1 h3 40. g3 $2 (40. Qf1) 40... Qe3 $19 41. Qf1 g5 42. g4 Kf6 43. Bc4 Qf2 44. Qxf2 Bxf2 45. Bf1 Ke5 46. Bxh3 c4 47. Bf1 Kd4 48. Be2 c3 49. Bd1 Kd3 50. Kg2 Bh4 51. f4 f6 52. fxg5 fxg5 53. Kf3 c2 54. Bxc2+ Kxc2 55. Ke2 Kc3 56. Ke3 Kc4 57. e5 Kd5 $2 (57... dxe5 {setzt Matt} 58. Ke4 Kc3 59. Ke3 Be1 60. Ke4 Kd2 61. Kxe5 Bh4 62. h3 Ke3 63. Ke6 Kf2 64. Kf5 Kg2 65. Ke4 Kxh3 66. Kf3 Bg3 67. Ke2 Kxg4 68. Ke3 Bh4 69. Ke4 Kh3 70. Kf3 g4+ 71. Kf4 g3 72. Kf5 g2 73. Ke4 g1=Q (73... g1=B $2 74. Kf5 $19) 74. Kd5 Qb6 75. Kc4 Qc6+ 76. Kd4 Kg3 77. Ke3 Qd5 78. Ke2 Qd4 79. Ke1 Kf3+ 80. Kf1 Qf2#) 58. exd6 $17 Kxd6 59. Kd4 Ke6 60. Ke4 Be1 61. Kd4 Kd6 62. Ke4 Kc5 63. Kf5 Bh4 64. Ke5 $2 (64. Ke4 $17 Kc4 65. h3 Kc3 66. Ke3 Kc2 67. Ke2 Kc1 68. Ke3 Kd1 69. Kf3 Ke1 70. Ke3 Kf1 71. Kf3 Kg1 72. Ke3 Kg2 73. Ke2 Kxh3 74. Kf3 Bg3 75. Ke4 Kxg4 76. Ke3 Kf5 77. Kd4 Bh4 78. Kd3 g4 79. Ke3 Ke5 80. Ke2 Ke4 81. Kd2 g3 82. Ke1 g2+ 83. Kd2 g1=Q (83... g1=R {führt zum Matt.} 84. Kc2 Be1 85. Kc1 Kd3 86. Kb2 Bc3+ 87. Kb3 Rb1+ 88. Ka4 Kc4 89. Ka3 Ra1#) 84. Kc2 Qc5+ 85. Kb2 Qb4+ 86. Ka2 Bg5 87. Ka1 Bf6+ 88. Ka2 Qb2#) 64... Kc4 65. Ke4 Kc3 66. Ke3 Kc2 67. Ke2 Kc1 68. Ke3 {[%emt 0:00:31] [#]} Kd1 $1 69. Kf3 Kd2 70. Kg2 Ke3 71. Kh3 Kf4 72. Kg2 Kxg4 73. h3+ Kf4 0-1

[Event "Grand Prix Romania 1st Stage 2024"]
[Site "Bucuresti"]
[Date "2024.03.24"]
[Round "5.16"]
[White "Filip, Andrei"]
[Black "Baltag, Iulian"]
[Result "1/2-1/2"]
[ECO "B33"]
[WhiteElo "2289"]
[BlackElo "2412"]
[Annotator "TA"]
[PlyCount "58"]
[EventDate "2024.03.20"]
[EventType "swiss"]
[EventCountry "ROU"]
[SourceTitle "playchess.com"]
[Source "ChessBase"]
[SourceQuality "1"]
[TimeControl "900+5"]

1. e4 c5 2. Nf3 Nc6 3. d4 cxd4 4. Nxd4 Qb6 5. Nb3 Nf6 6. Nc3 e6 7. a3 Be7 8. Be3 Qc7 9. f4 d6 10. Be2 a6 11. O-O b5 12. Bf3 Bb7 13. Qe1 O-O 14. Rd1 b4 15. axb4 Nxb4 {[%emt 0:00:03] White is slightly better.} 16. Qf2 Rac8 17. Bb6 Qb8 18. Na5 Ba8 19. Ba7 Qc7 20. Bb6 Qb8 21. Ba7 Qc7 22. Bb6 Qd7 23. Rd4 d5 (23... Nc6 $1 $11 {keeps the balance.} 24. Rd3 e5) 24. exd5 (24. e5 $16 Ne8 25. Rd2) 24... exd5 25. Rd2 Qe6 26. Re1 Ne4 27. Nxe4 ({White should play} 27. Bxe4 $15 dxe4 28. Be3) 27... dxe4 $17 28. c3 {[%emt 0:00:01] [#]} Qg6 $2 29. f5 $11 Qxf5 {[%emt 0:03:18] Weighted Error Value: White=0.22 (precise) /Black=0.32.  Mistake:       	White=2     	Black=2      Inaccurate:     	White=2     	Black=2      OK:         	White=6     	Black=5      Best:        	---       	Black=2} ({Wrong is} 29... Qg5 $2 30. Bxe4 Nc6 31. Nc4 $18) 1/2-1/2